 Dungeon Crawl Stone Soup version 0.28-a0-245-g639a1a48b9 (webtiles) character file.

Game seed: 7773255555652659400

324 bande the Shield-Bearer (level 6, -1/38 HPs)
             Began as a Gargoyle Fighter on Aug 24, 2021.
             Was an Initiate of Okawaru.
             Slain by an ogre (24 damage)
             ... on level 5 of the Dungeon.
             The game lasted 00:11:23 (4815 turns).

bande the Shield-Bearer (Gargoyle Fighter)          Turns: 4815, Time: 00:11:24

Health: -1/38      AC: 13    Str: 20    XL:     6   Next: 48%
Magic:  15/15      EV:  9    Int:  9    God:    Okawaru [......]
Gold:   205        SH:  8    Dex: 10    Spells: 4/5 levels left

rFire   . . .      SeeInvis .   a - +0 war axe
rCold   . . .      Faith    .   c - +0 kite shield
rNeg    + . .      Spirit   .   j - +0 chain mail
rPois   ∞          Reflect  .   (no helmet)
rElec   +          Harm     .   (no cloak)
rCorr   .          Rampage  .   (no gloves)
Will    .....                   (no boots)
Stlth   ..........              (no amulet)
HPRegen 0.12/turn               i - ring of magical power
MPRegen 0.14/turn               h - +4 ring of evasion

@: mighty
A: sickness immunity, AC +4, negative energy resistance 1, electricity
resistance, torment resistance 1, petrification resistance
a: Renounce Religion


You were on level 5 of the Dungeon.
You worshipped Okawaru.
Okawaru was noncommittal.
You visited 2 branches of the dungeon, and saw 6 of its levels.

You collected 205 gold pieces.

Inventory:

Hand Weapons
 a - a +0 war axe (weapon)
Armour
 c - a +0 kite shield (worn)
 j - a +0 chain mail (worn)
Jewellery
 f - a ring of positive energy
 h - a +4 ring of evasion (right hand)
 i - a ring of magical power (left hand)
Wands
 k - a wand of flame (10)
Scrolls
 b - 2 scrolls of teleportation
 e - 2 scrolls of amnesia
 q - a scroll of identify
Potions
 g - a potion of haste
 l - 3 potions of curing {unknown}
 m - 2 potions of brilliance {unknown}
 n - 2 potions of flight {unknown}
 o - a potion of attraction {unknown}
 p - 3 potions of ambrosia {unknown}
 r - a potion of cancellation {unknown}


   Skills:
 + Level 4.1 Fighting
 + Level 3.6 Axes
 + Level 4.2 Armour
 - Level 0.1 Dodging
 + Level 4.4 Shields
 * Level 2.2 Translocations
 * Level 0.6 Evocations


You had 4 spell levels left.
You knew the following spells:

 Your Spells              Type           Power      Damage    Failure   Level
a - Apportation           Tloc           8%         N/A       100%        1

Your spell library contained the following spells:

 Spells                   Type           Power      Damage    Failure   Level
 Corona                   Hex            0%         N/A       100%        1
 Wereblood                Tmut           0%         N/A       100%        2
 Fireball                 Conj/Fire      0%         3d3       100%        5
 Starburst                Conj/Fire      0%         6d3       100%        6
 Ignition                 Fire           0%         3d3       100%        8
 Animate Skeleton         Necr           Unusable   N/A       N/A         1
 Summon Small Mammal      Summ           Unusable   N/A       N/A         1
 Sublimation of Blood     Necr           Unusable   N/A       N/A         2
 Summon Hydra             Summ           Unusable   N/A       N/A         7

Dungeon Overview and Level Annotations

Branches:
Dungeon (5/15)             Temple (1/1) D:4

Altars:
Ashenzari
Cheibriados
Dithmenos
Elyvilon
Fedhas
Hepliaklqana
Kikubaaqudgha
Makhleb
Okawaru
Ru
Trog
Uskayaw
Wu Jian
Xom
Yredelemnul
Zin
The Shining One

Shops:
D:3 *


Innate Abilities, Weirdness & Mutations

You are immune to sickness and miasma.
Your stone body is resilient. (AC +4)
You are immune to poison.
You resist negative energy. (rN+)
You are resistant to electric shocks. (rElec)
You are resistant to unholy torment.
You are immune to petrification.


Message History

Okawaru accepts your kill.
No target in view!
No target in view!
No target in view!
No target in view!
No target in view!
No target in view!
HP restored.
Key pressed, stopping explore.
You enter the shallow water.
Moving in this stuff is going to be slow.
There is a stone staircase leading up here.
You see here a +0 whip.
Done exploring.
Done exploring.
There is a stone staircase leading down here.
You climb downwards.
The adder hisses angrily.
The ogre shouts!
Found a ring of positive energy and a pink potion.
There is a stone staircase leading up here.
You feel very mighty all of a sudden. You block the adder's attack.
You block the ogre's attack.
You slash the ogre!
The ogre is heavily wounded.
You slash the adder! You block the adder's attack.
The ogre hits you with a +0 giant club! The adder bites you but does no damage.
You hit the ogre.
The ogre is severely wounded.
You slash the adder!
You kill the adder!
Okawaru accepts your kill. You block the ogre's attack.
You barely miss the ogre.
The ogre is severely wounded.
The ogre hits you but does no damage.
You hit the ogre.
The ogre is almost dead.
The ogre hits you with a +0 giant club!!
Ouch! That really hurt!
You die...

.# .# .#####
♣♣♣.....#
♣♣.......#
#........#
#..†O....#
#..@.....#
#...=....!#
#............#
.....#########
.#.## #


You could see an ogre.

Vanquished Creatures
  A scorpion (D:4)
  An iguana (D:4)
  Natasha (thrice) (D:3)
  Terence (D:2)
  6 adders
  A worm (D:2)
  A dart slug (D:4)
  8 bats
  5 endoplasms
  5 giant cockroaches
  8 goblins
  11 hobgoblins
  4 jackals (D:1)
  7 quokkas
  5 ball pythons
  2 frilled lizards
  6 kobolds
  4 rats
79 creatures vanquished.

Vanquished Creatures (others)
  4 plants (D:3)
4 creatures vanquished.

Grand Total: 83 creatures vanquished

Notes
Turn   | Place    | Note
-------+----------+-------------------------------------------
     0 | D:1      | bande the Gargoyle Fighter began the quest for the Orb.
     0 | D:1      | Reached XP level 1. HP: 14/14 MP: 1/1
   218 | D:1      | Reached XP level 2. HP: 12/19 MP: 2/2
   450 | D:1      | Found a faded altar of an unknown god.
  1085 | D:1      | Reached XP level 3. HP: 22/24 MP: 3/3
  1120 | D:1      | Learned a level 1 spell: Apportation
  1503 | D:2      | Upgraded the game from 0.28-a0-239-g68911e0c57 to
                  | 0.28-a0-245-g639a1a48b9
  1669 | D:2      | Noticed Terence
  1679 | D:2      | Killed Terence
  1680 | D:2      | Reached XP level 4. HP: 29/29 MP: 4/4
  2254 | D:3      | Noticed Natasha
  2275 | D:3      | Killed Natasha
  2276 | D:3      | Reached skill level 1 in Translocations
  2276 | D:3      | Reached XP level 5. HP: 18/33 MP: 5/5
  2426 | D:3      | Noticed Natasha
  2436 | D:3      | Killed Natasha
  2816 | D:3      | Noticed Natasha
  2833 | D:3      | Killed Natasha
  3249 | D:3      | Found Ecicehux's Assorted Antiques.
  3683 | D:4      | Reached XP level 6. HP: 8/38 MP: 6/6
  4247 | D:4      | Found a staircase to the Ecumenical Temple.
  4258 | Temple   | Entered the Ecumenical Temple
  4323 | Temple   | Became a worshipper of Warmaster Okawaru
  4810 | D:5      | Entered Level 5 of the Dungeon
  4815 | D:5      | Slain by an ogre

Illustrated notes

Levels and vault maps discovered:
D:1:      dpeg_arrival_fog, layout_basic, shapermc_ecumenical_altar_mp_vishouse,
          minmay_statues_item, minmay_misc_feat_hallway
D:2:      layout_basic, uniq_terence
D:3:      layout_loops_ring, serial_shops, nicolae_shop_overgrown_old_shop,
          kennysheep_pointless_box, uniq_natasha
D:4:      layout_cave_pools, minmay_temple_entry_ruins, corexii_corridor_pit,
          roderic_three_in_a_row
D:5:      layout_rooms, led_sif_pool, serial_bayou_crossing, uniq_sigmund
Temple:   hc_temple_tempest_star

Skill      XL: |  1  2  3  4  5 |
---------------+----------------+-----
Axes           | 2 3 |  3.6
Translocations | 1 2 |  2.2
Armour         | 4 |  4.2
Shields        | 4 |  4.4
Fighting       | 4 |  4.1
Dodging        | |  0.1
Evocations     | |  0.6

Action                   |  1- 3 |  4- 6 || total
-------------------------+-------+-------++-------
Melee: War axe           |   135 |   188 ||   323
  Use: Scroll            |     3 |     3 ||     6
       Potion            |       |     1 ||     1
Armor: Scale mail        |    76 |       ||    76
       Chain mail        |       |   112 ||   112
Dodge: Dodged            |    58 |    81 ||   139
Block: Kite shield       |    72 |    96 ||   168

Table legend: (Time is in decaauts)
 A = Elapsed time spent in this place.
 B = Non-inter-level travel time spent in this place.
 C = Inter-level travel time spent in this place.
 D = Time resting spent in this place.
 E = Time spent auto-exploring this place.
 F = Levels seen in this place.
 G = Mean time per level.
                   A        B        C        D        E       F      G
               +--------+--------+--------+--------+--------+-----+--------+
         Total |   5014 |   4899 |    115 |    801 |   2995 |   6 |  835.7 |
       Dungeon |   4931 |   4826 |    105 |    801 |   2951 |   5 |  986.2 |
        Temple |     82 |     72 |     10 |      0 |     44 |   1 |   82.0 |
               +--------+--------+--------+--------+--------+-----+--------+

Top non-repeatable levels by time:
     D:3: 1521 daAuts
     D:1: 1509 daAuts
     D:2: 1052 daAuts
     D:4: 841 daAuts
  Temple: 82 daAuts
     D:5: 6 daAuts
